 Seeded DCSS version 0.31-a0-986-g5e6e4ef867 (webtiles) character file.

Game seed: 11951111254819054669 (custom seed)

42 Psyclone the Conjurer (level 3, 19/19 HPs)
             Began as a Deep Elf Conjurer on Nov 19, 2023.
             Quit the game on level 2 of the Dungeon.
             The game lasted 00:02:33 (1826 turns).

Psyclone the Conjurer (Deep Elf Conjurer)           Turns: 1826, Time: 00:02:34

Health: 19/19      AC:  3    Str:  4    XL:     3   Next: 33%
Magic:  10/10      EV: 12    Int: 24    God:
Gold:   603        SH:  0    Dex: 13    Spells: 8/9 levels left

rFire   . . .        (no weapon)
rCold   . . .        (no shield)
rNeg    . . .        a - +0 robe
rPois   +            (no helmet)
rElec   .            (no cloak)
rCorr   .            (no gloves)
SInv    .            f - +0 pair of boots
Will    .....        (no amulet)
Stlth   ++           (no ring)
HPRegen 0.23/turn    (no ring)
MPRegen 0.12/turn

%: no passive effects
@: weak-willed
A: poison resistance
a: no special abilities


You were on level 2 of the Dungeon.
You visited 1 branch of the dungeon, and saw 2 of its levels.

You collected 603 gold pieces.

Inventory:

Armour
 a - a +0 robe (worn)
 f - a +0 pair of boots (worn)
Jewellery
 c - a ring of resist corrosion
Potions
 b - a potion of magic
 d - a potion of heal wounds


   Skills:
 - Level 2.4 Dodging
 - Level 2.4 Stealth
 + Level 3.8 Spellcasting
 * Level 5.3 Conjurations


You had 8 spell levels left.
You knew the following spells:

 Your Spells              Type           Power      Damage    Failure   Level
a - Magic Dart            Conj           100%       1d8       1%          1

Your spell library contained the following spells:

 Spells                   Type           Power      Damage    Failure   Level
 Searing Ray              Conj           60%        2d6       1%          2
 Dazzling Flash           Conj/Hex       34%        N/A       10%         3
 Fulminant Prism          Conj/Hex       8%         3d7       32%         4
 Iskenderun's Mystic Bla  Conj/Tloc      17%        2d5       32%         4


Dungeon Overview and Level Annotations

Branches:
Dungeon (2/15) Zot: 10174

Altars:
Kikubaaqudgha


Innate Abilities, Weirdness & Mutations

Your system is resistant to poisons. (rPois)


Message History

The worm is severely wounded.
Casting: Magic Dart (safe; 1% risk of failure)
Confirm with . or Enter, or press ? or * to list all spells.
Aiming: Magic Dart (safe; 1% risk of failure)
Press: ? - help, Shift-Dir - straight line, f/p - worm
Aim: a worm (severely wounded, 100% to hit)
The magic dart hits the worm!
You kill the worm!
You now have 7/10 mp.
Casting: Magic Dart (safe; 1% risk of failure)
Confirm with . or Enter, or press ? or * to list all spells.
You can't see any susceptible monsters within range! (Use Z to cast anyway.) Unknown command.
Casting: Magic Dart (safe; 1% risk of failure)
Confirm with . or Enter, or press ? or * to list all spells.
You can't see any susceptible monsters within range! (Use Z to cast anyway.) Unknown command.
Casting: Magic Dart (safe; 1% risk of failure)
Confirm with . or Enter, or press ? or * to list all spells.
You can't see any susceptible monsters within range! (Use Z to cast anyway.)
Casting: Magic Dart (safe; 1% risk of failure)
Confirm with . or Enter, or press ? or * to list all spells.
You can't see any susceptible monsters within range! (Use Z to cast anyway.)
Found a robe.
MP restored: 10
Found a stone staircase leading down.
You now have 595 gold pieces (gained 16).
You now have 603 gold pieces (gained 8).
You see here a +0 robe.
Done exploring.
Done exploring.
Search for what [Enter for "."]?
It was a potion of mutation.
You feel extremely strange.
You feel resistant to poisons.
As you read the scroll labelled SOD PEAPLUL, it crumbles to dust.
Magic quickly surges around you.
It was a scroll of vulnerability.
As you read the scroll labelled JIKHENL MAIL, it crumbles to dust.
It is a scroll of enchant weapon.
You aren't carrying any weapons that can be enchanted.
Are you sure you want to abandon this character and quit the game? (Confirm with "yes".)

..........#<.#.##.#
###.##....#.....#.#######
# #.##....#..#..#.......#
###.##....#..##########.#
..#.##...##.............#
....##...##...###########
..............######
...#########..##...#
...##### #..#.@..#
.......## #.....#.#
...###..####.##.#### ...#
##...[........# ...#
#....#.##..#.# ...#
#............# ...#
#............# ...#
#............# ####
#..........#.#


There were no monsters in sight!

Vanquished Creatures
  A worm (D:2)
  2 bats
  5 endoplasms (D:1)
  2 giant cockroaches
  6 goblins
  3 hobgoblins
  2 kobolds (D:1)
  A quokka (D:1)
  5 ball pythons
  4 frilled lizards
  4 rats
35 creatures vanquished.

Notes
Turn   | Place    | Note
-------+----------+-------------------------------------------
     0 | D:1      | Psyclone the Deep Elf Conjurer began the quest for the Orb.
     0 | D:1      | Reached XP level 1. HP: 10/10 MP: 6/6
     2 | D:1      | Identified a scroll of acquirement
     2 | D:1      | Acquired 529 gold pieces
   348 | D:1      | Reached XP level 2. HP: 15/15 MP: 5/8
   706 | D:1      | Reached skill level 5 in Conjurations
  1261 | D:2      | Found an ancient bone altar of Kikubaaqudgha.
  1337 | D:2      | Reached XP level 3. HP: 19/19 MP: 8/10
  1823 | D:2      | Gained mutation: Your system is resistant to poisons.
                  | (rPois) [potion of mutation]
  1826 | D:2      | Quit the game

Illustrated notes

Levels and vault maps discovered:
D:1:      minmay_arrival_solitary_statue, layout_loops_corners, st_stairs_7
D:2:      layout_basic, basic_altar, minmay_misc_feat_rows

Skill      XL: |  1  2 |
---------------+-------+-----
Conjurations   | 5 |  5.3
Dodging        | |  2.4
Stealth        | |  2.4
Spellcasting   | |  3.8

Action                     || total
---------------------------++-------
   Cast: Magic Dart        ||    67
    Use: Scroll            ||     5
         Potion            ||     2
 Armour: Robe              ||     1

Table legend: (Time is in decaauts)
 A = Elapsed time spent in this place.
 B = Non-inter-level travel time spent in this place.
 C = Inter-level travel time spent in this place.
 D = Time resting spent in this place.
 E = Time spent auto-exploring this place.
 F = Levels seen in this place.
 G = Mean time per level.
                   A        B        C        D        E       F      G
               +--------+--------+--------+--------+--------+-----+--------+
         Total |   1825 |   1791 |     34 |      0 |   1646 |   2 |  912.5 |
       Dungeon |   1825 |   1791 |     34 |      0 |   1646 |   2 |  912.5 |
               +--------+--------+--------+--------+--------+-----+--------+

Top non-repeatable levels by time:
     D:1: 1259 daAuts
     D:2: 566 daAuts
